[Event "Titled Tuesday Blitz June 13 Early 2023"]
[White "Ilamparthi A R"]
[Black "Kramnik, Vladimir"]
[WhiteFideId "45015775"]
[BlackFideId "4101588"]
[WhiteElo "2348"]
[BlackElo "2703"]
[Result "0-1"]
[Round "8"]
[TimeControl "180+2"]
[Date "2023.06.13"]
[WhiteClock "0:00:04"]
[BlackClock "0:00:06"]
[Board "8"]

1. e4 c5 2. Nf3 e6 3. d3 Nc6 4. g3 Nf6 5. Bg2 d6 6. O-O Be7 7. Re1 O-O 8. c3 e5 9. h3 h6 10. a3 Be6 11. b4 a6 12. Bb2 b5 13. d4 cxd4 14. cxd4 exd4 15. Nxd4 Nxd4 16. Qxd4 Rc8 17. Nc3 Rc4 18. Qd3 Qc8 19. Nd5 Nxd5 20. exd5 Bf5 21. Qf3 Bd8 22. g4 Bg6 23. Rac1 Bg5 24. Rxc4 Qxc4 25. Ba1 Rc8 26. Bf1 Qf4 27. Qxf4 Bxf4 28. a4 bxa4 29. Bxa6 Rb8 30. Bc3 f6 31. b5 Be5 32. Ba5 a3 33. Bc7 Rf8 34. b6 a2 35. b7 Bb1 36. Bb5 a1=Q 37. Bd7 Qc3 38. Be6+ Kh8 39. Rxb1 Qxc7 0-1


[Site "https://www.chess.com"]

[Event "Titled Tuesday Blitz June 13 Early 2023"]
[White "Xu, Yi"]
[Black "Bok, Benjamin"]
[WhiteFideId "8605564"]
[BlackFideId "1017063"]
[WhiteElo "2460"]
[BlackElo "2657"]
[Result "0-1"]
[Round "8"]
[TimeControl "180+2"]
[Date "2023.06.13"]
[WhiteClock "0:00:00"]
[BlackClock "0:00:07"]
[Board "9"]

1. e4 c5 2. Nf3 d6 3. Bb5+ Nd7 4. d4 cxd4 5. Nxd4 Nf6 6. O-O g6 7. Re1 Bg7 8. Bf1 Nc5 9. f3 Qb6 10. Na3 O-O 11. Nc4 Qc7 12. Be3 a6 13. a4 d5 14. exd5 Nxd5 15. Bf2 Rd8 16. Qc1 e5 17. Nb3 Nxb3 18. cxb3 Be6 19. a5 Rac8 20. Nb6 Qxc1 21. Raxc1 Rxc1 22. Rxc1 Bh6 23. Re1 Nxb6 24. Bxb6 Rd2 25. Rxe5 Rxb2 26. Bc4 Rb1+ 27. Kf2 Bf4 28. Re4 Bxh2 29. Bxe6 Bg1+ 30. Kg3 Bxb6 31. Bd5 Bc7+ 32. Kf2 Kf8 33. Bxb7 Rxb3 34. Bxa6 Bxa5 35. Bc4 Bb6+ 36. Kg3 Bc7+ 37. Kf2 Rc3 38. Bd5 Bb6+ 39. Kg3 Bc7+ 40. Kf2 h5 41. Rc4 Bb6+ 42. Kg3 Rd3 43. Be4 Rd2 44. Rc6 Bd4 45. Rc2 Be5+ 46. f4 Rd4 47. Re2 Bd6 48. Kf3 f5 0-1


[Site "https://www.chess.com"]

[Event "Titled Tuesday Blitz June 13 Early 2023"]
[White "Elsa167"]
[Black "Nihal Sarin"]
[BlackFideId "25092340"]
[WhiteElo "2904"]
[BlackElo "2689"]
[Result "0-1"]
[Round "8"]
[TimeControl "180+2"]
[Date "2023.06.13"]
[WhiteClock "0:00:00"]
[BlackClock "0:00:26"]
[Board "10"]

1. d4 Nf6 2. c4 e6 3. Nf3 d5 4. Nc3 Bb4 5. Bg5 h6 6. Bxf6 Qxf6 7. e3 O-O 8. Rc1 Nc6 9. Be2 dxc4 10. Bxc4 Rd8 11. O-O Bxc3 12. bxc3 b6 13. Nd2 Bb7 14. Be2 Na5 15. Bf3 c5 16. Qe2 Bxf3 17. Nxf3 Rac8 18. Ne5 Qe7 19. Rfd1 Qc7 20. Nd3 Nb7 21. h3 Qc6 22. Ne5 Qc7 23. a4 cxd4 24. exd4 Nd6 25. c4 Nf5 26. Nf3 Qf4 27. Qb2 Rc7 28. a5 bxa5 29. c5 Ne7 30. Ne5 Qe4 31. Nc4 Nf5 32. Re1 Qxd4 33. Rcd1 Qh4 34. Qe5 Rdc8 35. Nd6 Rxc5 36. Nxf5 exf5 37. Qe3 a4 38. Rd7 a5 39. Ra7 Qe4 40. Qd2 Qxe1+ 41. Qxe1 Rc1 42. Qxc1 Rxc1+ 43. Kh2 Rc5 0-1


[Site "https://www.chess.com"]

[Event "Titled Tuesday Blitz June 13 Early 2023"]
[White "Sarana, Alexey"]
[Black "Terry, Renato"]
[WhiteFideId "24133795"]
[BlackFideId "3803457"]
[WhiteElo "2714"]
[BlackElo "2575"]
[Result "0-1"]
[Round "8"]
[TimeControl "180+2"]
[Date "2023.06.13"]
[WhiteClock "0:00:00"]
[BlackClock "0:00:01"]
[Board "11"]

1. d4 d5 2. c4 dxc4 3. Nf3 Nf6 4. e3 e6 5. Bxc4 a6 6. O-O c5 7. Nc3 b5 8. Bb3 Bb7 9. e4 c4 10. Bc2 b4 11. e5 bxc3 12. exf6 cxb2 13. Bxb2 gxf6 14. d5 Bxd5 15. Ba4+ Nd7 16. Re1 Be7 17. Nd4 Qa5 18. Nc6 Bxc6 19. Bxc6 Rd8 20. Qd4 Qc7 21. Qxc4 O-O 22. Rac1 Qb8 23. Qe2 Ne5 24. Be4 Ng6 25. Rb1 Qa7 26. g3 Rd7 27. Bc3 Rc8 28. Rec1 Rdc7 29. Bd2 Rxc1+ 30. Bxc1 Qd4 31. Bh6 a5 32. Kg2 f5 33. Bf3 Bf8 34. Be3 Qa4 35. Rc1 Rb8 36. Rc2 f4 37. Bc1 fxg3 38. hxg3 Bg7 39. Rc4 Qd7 40. Qc2 Be5 41. Be4 Kg7 42. Rc5 Bf6 43. Rxa5 Rc8 44. Rc5 Rxc5 45. Qxc5 Bd4 46. Qc2 Qb5 47. Qd3 Qc5 48. Qd2 f5 49. Bf3 Kf7 50. Qh6 Kg8 51. Qd2 Kf7 52. Qh6 Kg8 53. Be3 Bxe3 54. Qxe3 Qd6 55. a4 Ne5 56. a5 Nc4 57. Qc3 Ne5 0-1


[Site "https://www.chess.com"]

[Event "Titled Tuesday Blitz June 13 Early 2023"]
[White "Gorovets, Andrey"]
[Black "Andreikin, Dmitry"]
[WhiteFideId "13504037"]
[BlackFideId "4158814"]
[WhiteElo "2459"]
[BlackElo "2736"]
[Result "0-1"]
[Round "8"]
[TimeControl "180+2"]
[Date "2023.06.13"]
[WhiteClock "0:00:08"]
[BlackClock "0:01:07"]
[Board "12"]

1. c4 e5 2. g3 Nc6 3. Bg2 d6 4. Nc3 Be6 5. Nd5 Qd7 6. d3 Nd8 7. e4 c6 8. Nc3 h5 9. f4 g6 10. Nf3 Bg7 11. O-O Ne7 12. Be3 Bg4 13. Qd2 Ne6 14. Ne2 h4 15. fxe5 hxg3 16. exd6 gxh2+ 17. Kh1 Qxd6 18. d4 Bh3 19. Bxh3 Rxh3 20. Rad1 O-O-O 21. d5 Nc5 22. e5 Bxe5 23. Bxc5 Qxc5 24. Nxe5 Nf5 25. Rxf5 gxf5 26. Qf4 Qe3 27. Qxf5+ Kb8 28. Nf4 Rg3 29. Nf3 Qxf3+ 0-1


[Site "https://www.chess.com"]

[Event "Titled Tuesday Blitz June 13 Early 2023"]
[White "Chigaev, Maksim"]
[Black "Duda, Jan-Krzysztof"]
[WhiteFideId "4108116"]
[BlackFideId "1170546"]
[WhiteElo "2561"]
[BlackElo "2783"]
[Result "0-1"]
[Round "8"]
[TimeControl "180+2"]
[Date "2023.06.13"]
[WhiteClock "0:00:07"]
[BlackClock "0:01:21"]
[Board "13"]

1. d4 e6 2. Nf3 Nf6 3. c4 h6 4. g3 d5 5. Nc3 Bd6 6. a3 O-O 7. g4 Nxg4 8. Rg1 f5 9. h3 h5 10. c5 Be7 11. hxg4 fxg4 12. Bg2 Nc6 13. Be3 b6 14. cxb6 axb6 15. Ne5 Nxe5 16. dxe5 Bb7 17. Qc2 d4 18. O-O-O Bxg2 19. Rxd4 Bd5 20. Qg6 Qe8 21. Rxd5 0-1


[Site "https://www.chess.com"]

[Event "Titled Tuesday Blitz June 13 Early 2023"]
[White "Hafiz, Arif Abdul"]
[Black "Deac, Bogdan-Daniel"]
[WhiteFideId "7104227"]
[BlackFideId "1226380"]
[WhiteElo "2198"]
[BlackElo "2644"]
[Result "0-1"]
[Round "8"]
[TimeControl "180+2"]
[Date "2023.06.13"]
[WhiteClock "0:00:03"]
[BlackClock "0:00:04"]
[Board "14"]

1. e4 c6 2. d4 d5 3. e5 Bf5 4. h4 h5 5. Bd3 Bxd3 6. Qxd3 e6 7. Bg5 Be7 8. Nf3 Nh6 9. Nbd2 Nf5 10. g3 Nd7 11. O-O O-O 12. Rfe1 Rc8 13. c4 dxc4 14. Qxc4 Nb6 15. Qc3 Nd5 16. Qb3 f6 17. exf6 gxf6 18. Be3 Qb6 19. Qd1 Ndxe3 20. fxe3 Qc7 21. Kf2 Qxg3+ 22. Ke2 Kh8 23. Rg1 Qh3 24. Qb3 Ng3+ 25. Kd3 Qf5+ 26. e4 Nxe4 27. Ke2 Nxd2 28. Nxd2 Rg8 29. Qxb7 Qb5+ 30. Qxb5 cxb5 31. Rxg8+ Kxg8 32. Kd3 Rd8 33. a4 b4 34. Rc1 e5 35. Nf3 Rd7 36. Ke4 exd4 37. Nxd4 Kf7 38. Nf5 Bf8 39. Rc6 b3 40. Rc3 Rb7 41. Kd5 Rb4 42. Rc7+ Kg6 43. Nd4 Rxa4 44. Rb7 Bh6 45. Rxb3 Bf4 46. Ne6 Be5 47. Rb7 Kf5 48. Ng7+ Kg4 49. b4 Kxh4 50. b5 Kg4 51. Ne6 h4 52. Rg7+ Kf5 53. Nc5 Ra1 54. Rh7 Kg4 55. Rg7+ Kf3 56. Rh7 Bg3 57. Nd7 f5 58. Nc5 Kg2 59. Nb3 Ra3 60. Kc4 h3 61. Nd4 Ra2 62. Nxf5 h2 63. Ne3+ Kg1 64. Nf5 Bf4 65. Rg7+ Rg2 66. Rh7 h1=Q 67. Rxh1+ Kxh1 68. Nd4 Ra2 69. Nc6 Be3 70. Kb3 Ra1 71. Kb2 Rg1 72. Kc3 Bb6 73. Kc4 Rg5 74. Nb4 Kg2 75. Nd5 Kf3 76. Nb4 Rc5+ 0-1


[Site "https://www.chess.com"]

[Event "Titled Tuesday Blitz June 13 Early 2023"]
[White "Mekhitarian, Krikor Sevag"]
[Black "Bortnyk, Olexandr"]
[WhiteFideId "2107660"]
[BlackFideId "14120828"]
[WhiteElo "2604"]
[BlackElo "2733"]
[Result "0-1"]
[Round "8"]
[TimeControl "180+2"]
[Date "2023.06.13"]
[WhiteClock "0:00:00"]
[BlackClock "0:00:30"]
[Board "15"]

1. Nf3 Nf6 2. c4 b6 3. Nc3 Bb7 4. d4 g6 5. Qc2 Bg7 6. e4 O-O 7. Be2 Na6 8. O-O e6 9. a3 c5 10. d5 exd5 11. cxd5 d6 12. Bf4 Nc7 13. Nd2 Qe7 14. Rfe1 Nd7 15. Bg3 Rad8 16. Bf1 h5 17. h3 Be5 18. f4 Bd4+ 19. Kh1 Rfe8 20. Nf3 Bg7 21. Rad1 Qf8 22. e5 Bh6 23. e6 Nf6 24. Bh4 Qg7 25. exf7+ Qxf7 26. Ng5 Bxg5 27. Bxg5 Rxe1 28. Rxe1 Re8 29. Rxe8+ Ncxe8 30. Bd3 Kg7 31. f5 gxf5 32. Bxf5 Nxd5 33. Nxd5 Bxd5 34. Qc3+ Kg8 35. Qd3 c4 36. Qc2 Ng7 37. Bh7+ Kh8 38. Kh2 Ne6 39. Qc3+ Kxh7 40. Be3 Qg7 41. Qc2+ Qg6 42. Qf2 Ng7 0-1


[Site "https://www.chess.com"]

[Event "Titled Tuesday Blitz June 13 Early 2023"]
[White "Gontcharov, Vladislav"]
[Black "Sjugirov, Sanan"]
[WhiteFideId "4123492"]
[BlackFideId "4189302"]
[WhiteElo "2420"]
[BlackElo "2569"]
[Result "0-1"]
[Round "8"]
[TimeControl "180+2"]
[Date "2023.06.13"]
[WhiteClock "0:00:02"]
[BlackClock "0:00:35"]
[Board "16"]

1. d4 Nf6 2. c4 e6 3. Nc3 Bb4 4. e3 Bxc3+ 5. bxc3 b6 6. Ne2 Bb7 7. f3 d6 8. Ng3 Nc6 9. Bd3 Nd7 10. O-O h5 11. e4 h4 12. Ne2 Qe7 13. a4 Na5 14. Ba3 c5 15. f4 h3 16. g3 Nf6 17. Qc2 Rc8 18. f5 exf5 19. e5 dxe5 20. Bxf5 exd4 21. Nf4 Qe3+ 22. Rf2 Be4 23. Nd5 Bxc2 24. Nxe3 dxe3 25. Rxc2 Rd8 26. Re1 Nxc4 27. Bc1 g6 28. Bxe3 Nxe3 29. Rxe3+ Kf8 30. Bd3 Ng4 31. Re4 f5 32. Rxg4 fxg4 33. Bxg6 Kg7 34. Bh5 Rxh5 0-1


[Site "https://www.chess.com"]

[Event "Titled Tuesday Blitz June 13 Early 2023"]
[White "Swiercz, Dariusz"]
[Black "Vakhlamov, Igor L."]
[WhiteFideId "1126881"]
[BlackFideId "24126748"]
[WhiteElo "2620"]
[BlackElo "2407"]
[Result "1-0"]
[Round "8"]
[TimeControl "180+2"]
[Date "2023.06.13"]
[WhiteClock "0:00:10"]
[BlackClock "0:00:02"]
[Board "17"]

1. e4 c5 2. Nf3 e6 3. g3 d5 4. e5 Nc6 5. Bg2 Nge7 6. O-O Nf5 7. Re1 Be7 8. d3 b6 9. h4 Bb7 10. Nc3 a6 11. h5 b5 12. a3 h6 13. Ne2 Qb6 14. c3 a5 15. Nf4 O-O 16. Bh3 Rfd8 17. Bxf5 exf5 18. e6 fxe6 19. Rxe6 Bf6 20. d4 cxd4 21. cxd4 Bxd4 22. Qe2 Qc5 23. Rxc6 Bxc6 24. Ne6 Bxf2+ 25. Qxf2 Qxf2+ 26. Kxf2 Rd6 27. Ned4 Bd7 28. Bf4 Rb6 29. Ne5 Be8 30. Rh1 Rf6 31. Nd3 Rc8 32. Be5 Rf7 33. Nf4 Re7 34. Re1 Bf7 35. Nxf5 Rc2+ 36. Kg1 Rb7 37. Bxg7 d4 38. Bxd4 Bd5 39. Nxd5 Rd7 40. Nf6+ Kf7 41. Nxd7 Rd2 42. Re7+ Kg8 43. Nxh6# 1-0


[Site "https://www.chess.com"]

[Event "Titled Tuesday Blitz June 13 Early 2023"]
[White "Shubenkova, Veronika"]
[Black "Bacrot, Etienne"]
[WhiteFideId "44124040"]
[BlackFideId "605506"]
[WhiteElo "2060"]
[BlackElo "2672"]
[Result "0-1"]
[Round "8"]
[TimeControl "180+2"]
[Date "2023.06.13"]
[WhiteClock "0:00:40"]
[BlackClock "0:00:30"]
[Board "18"]

1. e4 c5 2. Nc3 Nc6 3. g3 g6 4. Bg2 Bg7 5. d3 e6 6. f4 Nge7 7. Nf3 b6 8. O-O Bb7 9. Rb1 d5 10. e5 a6 11. Ne2 d4 12. h3 h6 13. g4 Nd5 14. Ng3 Qc7 15. Ne4 O-O-O 16. Nd6+ Rxd6 17. exd6 Qxd6 18. Ne5 Rf8 19. Nxc6 Bxc6 20. Qe1 Nb4 21. Qf2 Nxa2 22. Bd2 Nb4 23. Bxb4 cxb4 24. f5 gxf5 25. gxf5 Rg8 26. Kh1 Be5 27. Rg1 Rg3 28. Bxc6 Rxh3+ 29. Kg2 Rh2+ 30. Kf1 Rxf2+ 31. Kxf2 Qxc6 32. Rg8+ Kd7 33. fxe6+ Kxe6 34. Re1 f6 35. Re2 a5 36. b3 b5 37. Rh8 Qh1 38. Re8+ Kf5 39. Rg8 a4 40. bxa4 bxa4 41. Rg1 Qc6 42. Ra1 a3 43. Kg1 Qc3 44. Rf1+ Ke6 0-1


[Site "https://www.chess.com"]

[Event "Titled Tuesday Blitz June 13 Early 2023"]
[White "Fedoseev, Vladimir"]
[Black "Hajiyev, Kanan"]
[WhiteFideId "24130737"]
[BlackFideId "13404148"]
[WhiteElo "2743"]
[BlackElo "2115"]
[Result "1-0"]
[Round "8"]
[TimeControl "180+2"]
[Date "2023.06.13"]
[WhiteClock "0:02:09"]
[BlackClock "0:00:11"]
[Board "19"]

1. h4 h5 2. a4 a5 3. Nf3 Nf6 4. e3 d5 5. c4 c6 6. b3 Bg4 7. Bb2 g6 8. cxd5 cxd5 9. Bb5+ Nc6 10. Qc1 Bxf3 11. Bxc6+ bxc6 12. Qxc6+ Nd7 13. gxf3 Rc8 14. Qxd5 Rg8 15. Nc3 Bg7 16. Ke2 Qb6 17. Rac1 e6 18. Qb5 Qxb5+ 19. Nxb5 Rxc1 20. Rxc1 Ke7 21. Ba3+ Kd8 22. Nd6 f5 23. Rc8+ 1-0


[Site "https://www.chess.com"]

[Event "Titled Tuesday Blitz June 13 Early 2023"]
[White "Matlakov, Maxim"]
[Black "Papasimakopoulos, Alexandros"]
[WhiteFideId "4168003"]
[BlackFideId "4244125"]
[WhiteElo "2666"]
[BlackElo "2359"]
[Result "1-0"]
[Round "8"]
[TimeControl "180+2"]
[Date "2023.06.13"]
[WhiteClock "0:00:31"]
[BlackClock "0:00:16"]
[Board "20"]

1. d4 e6 2. Nf3 Nf6 3. Bg5 c5 4. e3 Qb6 5. Na3 cxd4 6. exd4 Bxa3 7. bxa3 Ne4 8. Bd2 Nxd2 9. Qxd2 d5 10. Bd3 O-O 11. O-O Nc6 12. h4 h6 13. Rfe1 Bd7 14. h5 Rac8 15. Qf4 Qa5 16. Re3 Kh8 17. Rae1 Qxa3 18. g4 f6 19. Nh4 Rfe8 20. Bg6 Qxa2 21. Bxe8 Rxe8 22. Ng6+ Kh7 23. Qd6 Bc8 24. Nf8+ Kg8 25. Nxe6 Qxc2 26. Qxd5 Kh7 27. Ng5+ hxg5 28. Rxe8 Bxg4 29. R1e4 Bf5 30. Qxf5+ 1-0


[Site "https://www.chess.com"]

[Event "Titled Tuesday Blitz June 13 Early 2023"]
[White "Wagner, Dennis"]
[Black "Tari, Aryan"]
[WhiteFideId "24650684"]
[BlackFideId "1510045"]
[WhiteElo "2478"]
[BlackElo "2586"]
[Result "0-1"]
[Round "8"]
[TimeControl "180+2"]
[Date "2023.06.13"]
[WhiteClock "0:00:01"]
[BlackClock "0:01:31"]
[Board "21"]

1. e4 e5 2. Nf3 Nc6 3. Bb5 Nge7 4. Nc3 Ng6 5. d4 exd4 6. Nxd4 Nxd4 7. Qxd4 c6 8. Be2 Qb6 9. Qd3 Be7 10. O-O O-O 11. a4 d6 12. Be3 Qc7 13. f4 Kh8 14. Bd4 f5 15. Qg3 Bh4 16. Qh3 fxe4 17. f5 d5 18. Bg4 Bf6 19. Bxf6 Rxf6 20. fxg6 h6 21. Rxf6 Bxg4 22. Qxg4 gxf6 23. Rf1 Kg7 24. Qg5 hxg5 0-1


[Site "https://www.chess.com"]

[Event "Titled Tuesday Blitz June 13 Early 2023"]
[White "Martinez Ramirez, Lennis"]
[Black "Bharath Subramaniyam H"]
[WhiteFideId "3509079"]
[BlackFideId "46634827"]
[WhiteElo "2410"]
[BlackElo "2400"]
[Result "0-1"]
[Round "8"]
[TimeControl "180+2"]
[Date "2023.06.13"]
[WhiteClock "0:00:00"]
[BlackClock "0:00:24"]
[Board "22"]

1. Nf3 Nf6 2. c4 e6 3. g3 b6 4. Bg2 Bb7 5. d4 c5 6. d5 exd5 7. Nh4 Nc6 8. cxd5 Ne5 9. f4 Ng6 10. Nf5 d6 11. e4 Qd7 12. Nc3 b5 13. Bh3 Kd8 14. Qf3 b4 15. Nd1 Kc7 16. Nf2 Qb5 17. Bf1 Qd7 18. Ne3 Re8 19. a3 b3 20. Bd2 Qa4 21. Rc1 Nxe4 22. Rc4 Nxd2 23. Kxd2 Qa5+ 24. Rc3 Ne7 25. Bc4 g6 26. Kc1 Bg7 27. Rxb3 Bd4 28. Rd1 Ba6 29. Bxa6 Qxa6 30. Nc2 Nf5 31. Ne4 Rb8 32. g4 Rxb3 33. Qxb3 Rb8 34. Qf3 Bxb2+ 35. Kd2 Nd4 36. Qd3 c4 37. Qe3 Nxc2 38. Kxc2 Rb3 39. Qe2 Bxa3 40. Nc3 Rb2+ 0-1


[Site "https://www.chess.com"]

[Event "Titled Tuesday Blitz June 13 Early 2023"]
[White "Maatman, Nick"]
[Black "Galchenko, Matvey"]
[WhiteFideId "1040391"]
[BlackFideId "24175480"]
[WhiteElo "2720"]
[BlackElo "2423"]
[Result "0-1"]
[Round "8"]
[TimeControl "180+2"]
[Date "2023.06.13"]
[WhiteClock "0:00:02"]
[BlackClock "0:00:13"]
[Board "23"]

1. d4 Nf6 2. c4 c5 3. d5 e6 4. Nf3 exd5 5. cxd5 d6 6. e4 g6 7. Bd3 Bg7 8. h3 O-O 9. O-O Re8 10. Re1 a6 11. a4 Nbd7 12. Nc3 Nh5 13. Bg5 Bf6 14. Be3 Ne5 15. Nxe5 Bxe5 16. f4 Nxf4 17. Bf1 Qf6 18. Kh1 Nh5 19. Qf3 Bd7 20. a5 Qh4 21. Bd3 Re7 22. Ne2 Rae8 23. Rab1 Bb5 24. Bxb5 axb5 25. Bf2 Qf6 26. b4 c4 27. Rbc1 Bb2 28. Rc2 Rxe4 29. g4 0-1


[Site "https://www.chess.com"]

[Event "Titled Tuesday Blitz June 13 Early 2023"]
[White "Pulpan, Jakub"]
[Black "Arutinian, David"]
[WhiteFideId "302759"]
[BlackFideId "13601741"]
[WhiteElo "2484"]
[BlackElo "2525"]
[Result "0-1"]
[Round "8"]
[TimeControl "180+2"]
[Date "2023.06.13"]
[WhiteClock "0:00:06"]
[BlackClock "0:00:57"]
[Board "24"]

1. Nf3 Nf6 2. b3 d5 3. Bb2 c5 4. e3 g6 5. c4 Bg7 6. cxd5 Qxd5 7. Bc4 Qd8 8. O-O O-O 9. d4 cxd4 10. Nxd4 Bd7 11. Be2 Nc6 12. Nd2 Ne8 13. Nxc6 Bxc6 14. Bxg7 Kxg7 15. Bf3 Rc8 16. Qe2 Nd6 17. Rfd1 Qa5 18. Rdc1 Bb5 19. Nc4 Bxc4 20. bxc4 b6 21. Rc2 Rc5 22. Rac1 Rfc8 23. Qd3 Qa4 24. Be2 Kg8 25. Qb3 Qc6 26. g3 Qe4 27. Bd3 Qg4 28. Be2 Qf5 29. Bd3 Qe6 30. Qa4 R8c7 31. Bf1 h5 32. h4 Qf5 33. Qb3 Qe5 34. Bd3 Qe6 35. Qa4 Kg7 36. Qb4 Qe5 37. Qa4 Qe6 38. Qb3 Kg8 39. Qb4 Qh3 40. Bf1 Qg4 41. Be2 Qe4 42. Bd3 Qxd3 0-1


[Site "https://www.chess.com"]

[Event "Titled Tuesday Blitz June 13 Early 2023"]
[White "Harsha Bharathakoti"]
[Black "Nazari, Arad"]
[WhiteFideId "5078776"]
[BlackFideId "12577324"]
[WhiteElo "2504"]
[BlackElo "2175"]
[Result "0-1"]
[Round "8"]
[TimeControl "180+2"]
[Date "2023.06.13"]
[WhiteClock "0:00:00"]
[BlackClock "0:00:42"]
[Board "25"]

1. Nf3 c5 2. g3 Nc6 3. Bg2 g6 4. O-O Bg7 5. c4 e5 6. Nc3 Nge7 7. a3 O-O 8. Rb1 a5 9. d3 d6 10. Ne1 Be6 11. Nd5 Rb8 12. Nc2 Qd7 13. b4 axb4 14. axb4 b5 15. bxc5 bxc4 16. Rxb8 Rxb8 17. Nb6 Qa7 18. Nxc4 dxc5 19. Bd2 Nd4 20. e3 Nxc2 21. Qxc2 Nd5 22. Rb1 Nb4 23. Qb3 Rd8 24. Bxb4 cxb4 25. Qxb4 Rxd3 26. Na5 h5 27. Nc6 Qa2 28. Be4 Rd2 29. Ne7+ Kh7 30. Rf1 Bc4 31. Rc1 Be6 32. Rf1 Bh3 33. Bb1 Qa6 34. Re1 Rd7 35. Be4 Bf8 0-1


[Site "https://www.chess.com"]

[Event "Titled Tuesday Blitz June 13 Early 2023"]
[White "Ashraf, Artin"]
[Black "Talibov, Shiroghlan"]
[WhiteFideId "22514805"]
[BlackFideId "13429078"]
[WhiteElo "2224"]
[BlackElo "2274"]
[Result "1-0"]
[Round "8"]
[TimeControl "180+2"]
[Date "2023.06.13"]
[WhiteClock "0:00:25"]
[BlackClock "0:00:19"]
[Board "26"]

1. e4 c5 2. Nf3 d6 3. c3 Nf6 4. h3 Nc6 5. Bd3 g6 6. Bc2 Bg7 7. O-O O-O 8. Re1 e5 9. d4 cxd4 10. cxd4 Qe7 11. d5 Nb8 12. Bg5 h6 13. Bh4 Nbd7 14. Nc3 a6 15. Nd2 b5 16. Nb3 Nb6 17. Na5 Bd7 18. Nc6 Qe8 19. Rc1 Nh5 20. Be7 Nc8 21. Bxf8 Qxf8 22. Qd2 Nf4 23. Ne2 Nxe2+ 24. Rxe2 Nb6 25. b3 f5 26. Qa5 Nc8 27. Qc7 Bxc6 28. Qxc6 Ra7 29. exf5 Ne7 30. Qxd6 gxf5 31. Qe6+ 1-0


[Site "https://www.chess.com"]

[Event "Titled Tuesday Blitz June 13 Early 2023"]
[White "Darini, Pouria"]
[Black "Timofeev, Artyom"]
[WhiteFideId "12502200"]
[BlackFideId "4140419"]
[WhiteElo "2482"]
[BlackElo "2570"]
[Result "0-1"]
[Round "8"]
[TimeControl "180+2"]
[Date "2023.06.13"]
[WhiteClock "0:00:00"]
[BlackClock "0:01:05"]
[Board "27"]

1. Nf3 d5 2. c4 d4 3. e3 Nc6 4. b4 Nxb4 5. Nxd4 e5 6. a3 exd4 7. axb4 dxe3 8. fxe3 Nf6 9. Be2 g6 10. O-O Bg7 11. Bb2 O-O 12. Nc3 Qe7 13. b5 Rd8 14. Ra2 Bf5 15. Ba1 c6 16. bxc6 bxc6 17. Qe1 a5 18. Kh1 Nd7 19. Na4 Ne5 20. d4 Nd3 21. Qd2 Nb4 22. Rb2 Re8 23. Rb3 Rad8 24. Rc1 Qg5 25. Bf3 Bh6 26. Re1 Qh4 27. Rf1 Nc2 28. Rc3 Nxe3 29. Re1 Ng4 30. Rxe8+ Rxe8 0-1


[Site "https://www.chess.com"]

[Event "Titled Tuesday Blitz June 13 Early 2023"]
[White "Wojtaszek, Radoslaw"]
[Black "Kashlinskaya, Alina"]
[WhiteFideId "1118358"]
[BlackFideId "4198026"]
[WhiteElo "2586"]
[BlackElo "2383"]
[Result "1/2-1/2"]
[Round "8"]
[TimeControl "180+2"]
[Date "2023.06.13"]
[WhiteClock "0:00:19"]
[BlackClock "0:00:28"]
[Board "28"]

1. Nf3 Nf6 2. b3 g6 3. Bb2 Bg7 4. g3 c5 5. c4 d6 6. Bg2 e5 7. O-O Nc6 8. Nc3 O-O 9. d3 h6 10. Nd2 Be6 11. Nd5 Qd7 12. e3 Bh3 13. Nxf6+ Bxf6 14. Ne4 Be7 15. Bxh3 Qxh3 16. Nc3 Bf6 17. Qf3 Bg7 18. Rad1 Rad8 19. Nd5 f5 20. Qg2 Qg4 21. f4 Rf7 22. Rde1 g5 23. h3 Qh5 24. g4 Qg6 25. gxf5 Rxf5 26. e4 Rxf4 27. Nxf4 exf4 28. Bxg7 Qxg7 29. Kh1 Rf8 30. Qg4 Nd4 31. Rf2 f3 32. Rg1 Ne2 33. Re1 Rf4 34. Qe6+ Kh7 35. Rexe2 fxe2 36. Rxe2 Qa1+ 37. Kh2 Qf1 38. Rg2 Rf6 39. Qe7+ Kg6 40. Qe8+ Kg7 41. Qe7+ Kg6 42. Qe8+ Kg7 43. Qe7+ Kg6 1/2-1/2


[Site "https://www.chess.com"]

[Event "Titled Tuesday Blitz June 13 Early 2023"]
[White "Vlassov, Nikolai"]
[Black "Horvath, Dominik"]
[WhiteFideId "4103360"]
[BlackFideId "1642561"]
[WhiteElo "2324"]
[BlackElo "2407"]
[Result "0-1"]
[Round "8"]
[TimeControl "180+2"]
[Date "2023.06.13"]
[WhiteClock "0:00:02"]
[BlackClock "0:01:04"]
[Board "29"]

1. e4 b5 2. Bxb5 Bb7 3. Nc3 f5 4. d3 e6 5. Nf3 Nf6 6. exf5 exf5 7. O-O Be7 8. Nd4 O-O 9. Nxf5 Bc5 10. d4 Bb6 11. Bg5 Kh8 12. Re1 Nc6 13. d5 Nb4 14. Bc4 c6 15. Nd6 Bxf2+ 16. Kxf2 cxd5 17. Nxb7 Ng4+ 18. Kg1 Qb6+ 19. Be3 Nxe3 20. Na4 Qh6 21. Qe2 Nxc4 22. Rf1 Ne3 23. Rxf8+ Rxf8 24. Re1 Nbxc2 25. Rc1 Nd4 26. Qd3 Ng4 0-1


[Site "https://www.chess.com"]

[Event "Titled Tuesday Blitz June 13 Early 2023"]
[White "Stribuk, Artiom"]
[Black "Agibileg, Uurtsaikh"]
[WhiteFideId "13515659"]
[BlackFideId "4901606"]
[WhiteElo "2303"]
[BlackElo "2353"]
[Result "1-0"]
[Round "8"]
[TimeControl "180+2"]
[Date "2023.06.13"]
[WhiteClock "0:00:10"]
[BlackClock "0:00:08"]
[Board "30"]

1. d4 Nf6 2. c4 g6 3. g3 Bg7 4. Bg2 O-O 5. Nc3 d6 6. Nf3 c5 7. d5 e6 8. O-O exd5 9. cxd5 Re8 10. Re1 a6 11. a4 Nbd7 12. Bf4 Nh5 13. Bg5 Qc7 14. e4 Rb8 15. a5 h6 16. Be3 Nhf6 17. Nd2 b5 18. axb6 Rxb6 19. Nc4 Rb4 20. Ra4 Rxc4 21. Rxc4 Nb6 22. b3 Ng4 23. Bd2 Ne5 24. Qe2 a5 25. Nb5 Qd7 26. Rcc1 Ba6 27. Bf1 Bxb5 28. Qxb5 Nf3+ 29. Kg2 Nxe1+ 30. Rxe1 Qxb5 31. Bxb5 Rb8 32. Bxa5 Nxd5 33. Bc4 Nb6 34. Bxb6 Rxb6 35. Re2 Bd4 36. Ra2 Rb7 37. f4 Kf8 38. Kf3 Ke7 39. Ra8 h5 40. h4 Rc7 41. Rb8 Ra7 42. g4 hxg4+ 43. Kxg4 Kf6 44. Rf8 Kg7 45. Rd8 f5+ 46. exf5 gxf5+ 47. Kxf5 d5 48. Bxd5 Ra6 49. Bc4 Rf6+ 50. Kg4 Rg6+ 51. Kf3 Rf6 52. Rd7+ Kf8 53. Kg4 Rg6+ 54. Kf3 Rf6 55. Ke4 Rh6 56. Kf5 Rxh4 57. Kg5 Rh2 58. Rf7+ Ke8 59. Ra7 Kd8 60. Kf5 Rh6 61. Kg5 Rb6 62. f5 Bf6+ 63. Kg6 Bd4+ 64. Kg5 Be3+ 65. Kg4 Bd4 66. Rh7 Bf6 67. Kf4 Bd4 68. Ke4 Bf6 69. Rh6 Rd6 70. Rg6 Rd4+ 71. Kf3 Ke7 72. Rh6 Rh4 73. Rg6 Rh3+ 74. Ke4 Rh4+ 75. Kd5 Bd4 76. Re6+ Kd7 77. Bb5+ Kc7 78. Re7+ Kd8 79. Re8+ Kc7 80. Re7+ Kb6 81. Bc4 Rh5 82. Rf7 Ka5 83. Kd6 Rh6+ 84. Ke7 Kb6 85. f6 Kc7 86. Rf8 Rh2 87. Be6 Bxf6+ 88. Rxf6 Kb6 89. Bc4+ Ka5 90. Rf8 Kb4 91. Rb8+ Kc3 92. Kd6 Rh5 93. Kc6 Kd4 94. Kb5 Kc3 95. Rc8 Rh7 96. Rxc5 Rb7+ 97. Kc6 Rb8 98. Rb5 Rc8+ 99. Kd6 Rf8 100. Rg5 Rd8+ 101. Kc5 Rc8+ 102. Kb6 Rb8+ 103. Kc7 Rf8 104. Bd5 Kb4 105. Kd6 Rb8 106. Ke5 Kb5 107. Kd4 Kb4 108. Rg7 Rf8 109. Rb7+ Ka5 110. b4+ Ka6 111. b5+ Ka5 112. Bc6 Rf4+ 113. Kc5 Rf5+ 114. Kd6 Rf6+ 115. Kc7 Rf7+ 116. Kb8 Rf8+ 117. Ka7 Rf4 118. Rc7 Rb4 119. Bd7 Rb1 120. b6 Ra1 121. b7 Kb4+ 122. Kb6 Rb1 123. Bb5 Ra1 124. b8=Q Ra3 125. Qf8+ Kb3 126. Rc3+ Kxc3 127. Qxa3+ Kd4 128. Qd3+ Ke5 129. Qe3+ Kf6 130. Qe4 Kg7 131. Qf5 Kh8 132. Qg5 Kh7 133. Bc4 Kh8 134. Qg8# 1-0


[Site "https://www.chess.com"]